 Dungeon Crawl Stone Soup version 0.30-a0-4-ga7cffc901d (webtiles) character file.

Game seed: 18262345703623470073

21099 quinnr the Stormcaller (level 12, -3/68 HPs)
             Began as a Tengu Air Elementalist on Aug 20, 2022.
             Was a Believer of Vehumet.
             Engulfed by a cloud of spectral mist (11 damage)
             ... in a Gauntlet.
             The game lasted 00:53:12 (24695 turns).

quinnr the Stormcaller (Tengu Air Elementalist)    Turns: 24695, Time: 00:53:12

Health: -3/68      AC:  5    Str:  9    XL:     12   Next: 86%
Magic:  14/25      EV: 19    Int: 26    God:    Vehumet [**....]
Gold:   968        SH:  0    Dex: 15    Spells: 16/28 levels left

rFire   . . .      SeeInvis .    U - +6 halberd "Pydam" {elec, rN+++}
rCold   . . .      Faith    .    (shield currently unavailable)
rNeg    + + +      Spirit   .    P - +2 robe {Archmagi}
rPois   .          Reflect  .    (helmet restricted)
rElec   .          Harm     .    x - +0 cloak
rCorr   .          Rampage  .    (no gloves)
Will    .....      Archmagi +    (boots unavailable)
Stlth   +++....... NoTele   +    s - amulet of the acrobat
HPRegen 0.21/turn                V - +6 ring of intelligence
MPRegen 0.19/turn                S - ring of wizardry

@: flying quickly and evasively, quick
A: beak, talons 3, nimble flight
a: Renounce Religion


You were in a Gauntlet.
You worshipped Vehumet.
Vehumet was pleased with you.
You visited 3 branches of the dungeon, and saw 13 of its levels.
You visited the Abyss 1 time.
You also visited: Bailey and Gauntlet.

You collected 968 gold pieces.

Inventory:

Hand Weapons
 n - a +2 dagger of venom
 U - the +6 halberd "Pydam" (weapon) {elec, rN+++}
   (You found it on level 2 of the Lair of Beasts)

   It occasionally discharges a powerful burst of electricity upon striking a
   foe.
   rN:        It renders you almost immune to negative energy.
Missiles
 B - 16 boomerangs
 I - 9 atropa-tipped darts
 L - a throwing net
 O - 17 poisoned darts
Armour
 a - a +0 robe
 x - a +0 cloak (worn)
 F - +0 steam dragon scales
 P - a +2 robe of the Archmagi (worn)
Magical Staves
 D - a staff of air
 T - a staff of cold
Jewellery
 f - a ring of see invisible
 s - an amulet of the acrobat (around neck)
 t - a +6 ring of dexterity
 u - a ring of protection from cold
 C - the ring of Bacesama {rPois Dex+4}
   (You found it in a bailey)

   [ring of poison resistance]

   Dex:       It affects your dexterity (+4).
   rPois:     It protects you from poison.
 J - a +4 ring of protection
 R - a ring of protection from fire
 S - a ring of wizardry (right hand)
 V - a +6 ring of intelligence (left hand)
Wands
 v - a wand of charming (12)
 N - a wand of digging (9)
Scrolls
 d - 2 scrolls of teleportation
 g - 3 scrolls of fear
 h - a scroll of poison {unknown}
 k - a scroll of brand weapon {unknown}
 o - 5 scrolls of amnesia
 p - a scroll of vulnerability {unknown}
 r - 2 scrolls of magic mapping
 w - 3 scrolls of enchant weapon
 y - 2 scrolls of blinking
 G - 3 scrolls of noise
 K - 2 scrolls of fog {unknown}
Potions
 b - 3 potions of magic
 c - 4 potions of lignification {unknown}
 e - 2 potions of degeneration {unknown}
 i - 4 potions of heal wounds
 j - a potion of brilliance {unknown}
 l - 4 potions of haste {unknown}
 m - 6 potions of curing
 q - 5 potions of might
 z - 3 potions of mutation
 A - 3 potions of resistance
 E - a potion of ambrosia
 H - a potion of flight
 M - 5 potions of attraction
 Q - a potion of invisibility


   Skills:
 - Level 5.0 Fighting
 - Level 4.0 Armour
 - Level 8.0 Dodging
 - Level 5.0 Stealth
 + Level 8.8 Spellcasting
 - Level 5.0 Conjurations
 + Level 19.1 Air Magic
 - Level 4.0 Evocations


You had 16 spell levels left.
You knew the following spells:

 Your Spells              Type           Power      Damage    Failure   Level
a - Shock                 Conj/Air       100%       1d9       1%          1
b - Airstrike             Air            52%        2d(8-24)  0%          4
c - Static Discharge      Conj/Air       84%        3-14/arc  1%          2
d - Silence               Hex/Air        37%        N/A       1%          5

Your spell library contained the following spells:

 Spells                   Type           Power      Damage    Failure   Level
 Conjure Flame            Conj/Fire      36%        6-21      2%          3
 Swiftness                Air            100%       N/A       0%          3
 Beastly Appendage        Tmut           34%        N/A       2%          1
 Summon Small Mammal      Summ           68%        N/A       2%          1
 Dazzling Flash           Conj/Hex       72%        N/A       2%          3
 Wereblood                Tmut           17%        N/A       3%          2
 Call Canine Familiar     Summ           17%        N/A       6%          3
 Confusing Touch          Hex            17%        N/A       6%          3
 Spider Form              Tmut/Pois      17%        N/A       6%          3
 Iskenderun's Battlesphe  Conj           54%        2d10      8%          5
 Agony                    Necr           17%        N/A       47%         5
 Alistair's Intoxication  Tmut/Pois      11%        N/A       47%         5
 Yara's Violent Unravell  Hex/Tmut       8%         3d5       47%         5
 Iron Shot                Conj/Erth      18%        9d4       71%         6
 Spellforged Servitor     Conj/Summ      18%        N/A       99%         7
 Enfeeble                 Hex            8%         N/A       100%        7


Dungeon Overview and Level Annotations

Branches:
Dungeon (9/15)             Temple (1/1) D:4            Lair (3/5) D:9
  Swamp (0/4) Lair:3        Snake (0/4) Lair:3       Bailey (visited)
Gauntlet (1/1)
    Orc: D:9-12

Altars:
Ashenzari
Cheibriados
Dithmenos
Elyvilon
Fedhas
Gozag
Hepliaklqana
Kikubaaqudgha
Makhleb
Nemelex Xobeh
Okawaru
Qazlal
Ru
Sif Muna
Trog
Uskayaw
Vehumet
Wu Jian
Xom
Yredelemnul
Zin
The Shining One

Annotations:
D:3 3 runed translucent doors, osoart's ghost, amateur SpCj Gauntlet 7 transporters, exclusion: 2 obsidian statues


Innate Abilities, Weirdness & Mutations

You have a beak for a mouth.
You have claws for feet.
Your magical nature lets you fly swiftly and evasively.


Message History

The spectral mist engulfs you but does no damage.
Blink to where?
Press: ? - help, Dir - move target, p - ghost crab
As you read the scroll of blinking, it crumbles to dust.
The ghost crab bites you! The ghost crab closely misses you.
Unknown command.
Casting: Airstrike (safe; 0% risk of failure)
Confirm with . or Enter, or press ? or * to list all spells.
You feel a surge of power!
The ghost crab is struck by an arc of lightning.
The ghost crab is severely damaged.
You are struck by an arc of lightning!
* * * LOW HITPOINT WARNING * * *
The ghost crab is struck by an arc of lightning!
The ghost crab is almost destroyed.
You are struck by an arc of lightning.
* * * LOW HITPOINT WARNING * * *
The ghost crab is struck by an arc of lightning.
The ghost crab is almost destroyed.
You are struck by an arc of lightning.
* * * LOW HITPOINT WARNING * * *
The lightning grounds out.
The ghost crab breathes spectral mist at you.
The spectral mist engulfs you but does no damage.
Unknown command.
Unknown command.
Unknown command.
Casting: Static Discharge (safe; 1% risk of failure)
Confirm with . or Enter, or press ? or * to list all spells.
Aiming: Airstrike (safe; 0% risk of failure)
Press: ? - help, Dir - move target, f - ghost crab
Aim: a ghost crab (spectral mist, almost destroyed, empty space bonus: 4/8)
You feel a surge of power!
The air twists around and strikes the ghost crab!!
You destroy the ghost crab!
Vehumet accepts your kill.
The spectral jumping spider fades away!
The spectral snapping turtle fades away!
The spectral yak fades away!
You are engulfed in spectral mist.
You die...

#≈.......#.#..≈∩≈..#.#,,
###........#©#.......#©#,,
#8#..###########...#####**
###..#...#.§...#...#.....,
#....#..#.☼##..#...#^....^
###....#..##☼☼#.?#...#"....,
#8#..###..#.§##.=#...#2....,
###..#©#..##§☼#.©#...#4...©,
#..#.#..#@○##..#...#4....,
###..#.#..##§☼#.☼#...#$....,
#8#..#.#..#○○##○☼#...#..^..,
########..#.#...#§§☼○○#...#...^.,
8#........#.###########...######*
##........#.#...........≈.......,
....#######.#######....≈8§....##*
....#©...........©#.....≈.....#©,
#######################...######*


There were no monsters in sight!

Vanquished Creatures
  Josephine (Lair:3)
  Fannar (Lair:1)
  A ghost crab (Gauntlet)
  Erica (Lair:1)
  A wizard (Gauntlet)
  Pikel (D:8)
  An orc knight (Bailey)
  4 elephants (Lair:3)
  3 black mambas
  2 cane toads
  Psyche (D:8)
  3 torpor snails
  A rime drake (Lair:2)
  A komodo dragon (Lair:2)
  A hornet (D:9)
  9 blink frogs
  3 shadows (Gauntlet)
  5 wraiths (Lair:3)
  5 wyverns
  15 yaks
  A basilisk (Lair:3)
  2 steam dragons
  11 water moccasins
  5 orc warriors
  3 ice beasts
  A black bear (D:9)
  25 wolves
  An ogre (D:5)
  4 centaurs
  3 lemures
  5 kobold brigands
  12 bullfrogs
  2 scorpions (D:9)
  6 hounds
  3 gnoll boudas
  4 orc priests
  3 iron imps (D:9)
  Crazy Yiuf (D:4)
  2 iguanas
  9 orc wizards
  31 gnolls
  8 adders
  A shadow imp (Gauntlet)
  4 white imps
  2 worms (D:2)
  3 dart slugs
  44 orcs
  4 endoplasms
  3 giant cockroaches
  9 hobgoblins
  5 quokkas
  4 ball pythons
  6 bats
  5 frilled lizards
  15 goblins
  41 kobolds
  5 rats
353 creatures vanquished.

Vanquished Creatures (others)
  61 fungi
  86 plants
  20 withered plants
167 creatures vanquished.

Grand Total: 520 creatures vanquished

Notes
Turn   | Place    | Note
-------+----------+-------------------------------------------
     0 | D:1      | quinnr the Tengu Air Elementalist began the quest for the
                  | Orb.
     0 | D:1      | Reached XP level 1. HP: 10/10 MP: 4/4
   105 | D:1      | You fall into a shaft and drop 1 floor!
   521 | D:2      | Reached XP level 2. HP: 15/15 MP: 1/6
   724 | D:1      | Reached skill level 5 in Air Magic
  1460 | D:1      | Reached XP level 3. HP: 19/19 MP: 3/7
  1752 | D:2      | Identified the +3 chain mail of the Equator {Int+2}
  2398 | D:3      | Found a sparkling altar of Nemelex Xobeh.
  2578 | D:3      | Reached skill level 6 in Air Magic
  2748 | D:3      | Found an ancient bone altar of Kikubaaqudgha.
  2931 | D:3      | Reached XP level 4. HP: 24/24 MP: 3/8
  3103 | D:3      | Found a runed translucent gate.
  3103 | D:3      | Found a runed translucent gate.
  3103 | D:3      | Found a runed translucent gate.
  3105 | D:3      | Found an opulent altar of Gozag.
  3107 | D:3      | Noticed osoart's ghost (amateur SpCj)
  3380 | D:3      | Reached skill level 7 in Air Magic
  3587 | D:3      | Gained mutation: Your magical nature lets you fly swiftly
                  | and evasively. [Tengu growth]
  3587 | D:3      | Reached XP level 5. HP: 28/28 MP: 6/9
  3801 | D:3      | Learned a level 4 spell: Airstrike
  3873 | D:3      | Reached skill level 8 in Air Magic
  4032 | D:3      | Noticed a kobold brigand
  4319 | D:3      | Learned a level 2 spell: Static Discharge
  4497 | D:3      | Noticed a kobold brigand
  4500 | D:3      | Killed a kobold brigand
  4501 | D:3      | Reached XP level 6. HP: 32/32 MP: 0/10
  4709 | D:3      | Reached skill level 9 in Air Magic
  4825 | D:3      | Reached skill level 10 in Air Magic
  4848 | D:3      | Reached XP level 7. HP: 36/36 MP: 3/11
  5449 | D:3      | Reached skill level 11 in Air Magic
  5674 | D:4      | Found an ornate altar of the Wu Jian Council.
  6401 | D:4      | Found a sacrificial altar of Ru.
  6645 | D:4      | Found a staircase to the Ecumenical Temple.
  6801 | D:4      | Identified the +5 short sword "Emeetyobb" {vorpal, *Corrode
                  | rF++ rC+ Str+4}
  6827 | D:4      | Found a runed translucent door.
  6828 | D:4      | Noticed Crazy Yiuf
  6889 | D:4      | Found a blossoming altar of Fedhas.
  6900 | D:5      | Entered Level 5 of the Dungeon
  7209 | D:5      | Reached skill level 12 in Air Magic
  7209 | D:5      | Reached XP level 8. HP: 41/41 MP: 8/12
  7591 | D:5      | Found a shimmering blue altar of Sif Muna.
  8019 | D:5      | Reached skill level 13 in Air Magic
  8451 | D:6      | Found a stormy altar of Qazlal.
  9034 | D:6      | Reached skill level 14 in Air Magic
  9650 | D:6      | Found a broken altar of Ashenzari.
 10018 | D:7      | Noticed a wyvern
 10021 | D:7      | Killed a wyvern
 10022 | D:7      | Reached XP level 9. HP: 39/45 MP: 0/13
 10037 | D:7      | Found a hazy altar of Hepliaklqana.
 10121 | D:7      | HP: 3/45 [/static electricity (5)]
 10416 | D:7      | Reached skill level 15 in Air Magic
 10633 | D:7      | Found a flagged portal.
 10641 | Bailey   | Entered a bailey
 10880 | Bailey   | Noticed an orc warlord
 11379 | Bailey   | Noticed an orc knight
 11644 | Bailey   | Killed an orc knight
 11645 | Bailey   | Reached skill level 16 in Air Magic
 11785 | Bailey   | Found a runed translucent gate.
 11786 | Bailey   | Found a runed translucent gate.
 11787 | Bailey   | Found a runed translucent gate.
 12358 | Bailey   | Identified the ring of Bacesama {rPois Dex+4}
 12372 | Bailey   | Acquired a staff of air
 12887 | Bailey   | HP: 4/45 [orc warlord/+6 battleaxe (27)]
 13473 | D:7      | Reached skill level 1 in Fighting
 14357 | D:8      | Found a hide-covered altar of Uskayaw.
 14467 | D:8      | Reached skill level 1 in Armour
 14650 | D:8      | Noticed Pikel
 15160 | Temple   | Entered the Ecumenical Temple
 15241 | Temple   | Became a worshipper of Vehumet
 15454 | D:4      | Killed Crazy Yiuf
 15887 | D:8      | Reached XP level 10. HP: 49/53 MP: 5/15
 16052 | D:8      | Noticed Psyche
 16769 | D:8      | Killed Pikel
 16770 | D:8      | Reached skill level 1 in Evocations
 16915 | D:8      | Killed Psyche
 17160 | D:9      | Found a snail-covered altar of Cheibriados.
 17733 | D:9      | Found a burning altar of Makhleb.
 18466 | D:9      | Reached skill level 5 in Dodging
 18657 | D:9      | Found a staircase to the Lair.
 19170 | Lair:1   | Entered Level 1 of the Lair of Beasts
 19386 | Lair:1   | Reached XP level 11. HP: 56/62 MP: 11/18
 19437 | Lair:1   | Reached * piety under Vehumet
 19437 | Lair:1   | Offered knowledge of Freeze by Vehumet.
 19706 | Lair:1   | Reached skill level 5 in Spellcasting
 19838 | Lair:1   | Reached skill level 5 in Fighting
 19873 | Lair:1   | Reached skill level 5 in Stealth
 20397 | Lair:1   | Noticed Fannar
 20404 | Lair:1   | Killed Fannar
 20565 | Lair:1   | You are sucked into a shaft and drop 1 floor!
 20769 | Lair:2   | Identified the +6 halberd "Pydam" {elec, rN+++}
 20810 | Lair:2   | Reached ** piety under Vehumet
 20810 | Lair:2   | Offered knowledge of Searing Ray by Vehumet.
 20811 | Lair:2   | Reached skill level 17 in Air Magic
 20821 | Lair:2   | Reached skill level 5 in Conjurations
 20824 | Lair:2   | Reached XP level 12. HP: 44/68 MP: 6/22
 21236 | Lair:1   | Noticed Erica
 21250 | Lair:1   | Killed Erica
 22527 | Lair:2   | Reached skill level 18 in Air Magic
 23285 | Lair:3   | Found a staircase to the Snake Pit.
 23363 | Lair:3   | Found a staircase to the Swamp.
 23519 | Lair:3   | Offered knowledge of Conjure Flame by Vehumet.
 23565 | Lair:3   | Noticed Josephine
 23592 | Lair:3   | Killed Josephine
 23661 | Lair:3   | Found a gate leading to a gauntlet.
 23670 | Gauntlet | Entered a Gauntlet
 23670 | Gauntlet | Found a transporter.
 23670 | Gauntlet | Found a transporter.
 23863 | Gauntlet | Found a transporter.
 23863 | Gauntlet | Found a transporter.
 23875 | Gauntlet | Found a transporter.
 23876 | Gauntlet | Found a transporter.
 23883 | Gauntlet | Found a transporter.
 23883 | Gauntlet | Found a transporter.
 23883 | Gauntlet | Noticed a reaper
 23885 | Gauntlet | Noticed a ghost crab
 24262 | Gauntlet | Found a transporter.
 24278 | Gauntlet | Found a transporter.
 24292 | Gauntlet | Found a transporter.
 24305 | Gauntlet | Found a transporter.
 24390 | Abyss:2  | Cast into level 2 of the Abyss (a wizard)
 24399 | Gauntlet | Escaped the Abyss
 24401 | Gauntlet | Reached skill level 19 in Air Magic
 24467 | Gauntlet | Got the Atlas of the Creative Snake
 24476 | Gauntlet | Learned a level 5 spell: Silence
 24695 | Gauntlet | Killed a ghost crab
 24695 | Gauntlet | Engulfed by a cloud of spectral mist

Illustrated notes

Levels and vault maps discovered:
D:1:      spicycebolla_arrival_ecumenical, layout_basic, serial_bayou,
          serial_bayou_pond_e, serial_bayou_pond_a, serial_bayou_shore_a,
          serial_bayou_lagoon_a, serial_bayou_pond_d, serial_bayou_crossing,
          nrook_campfire, minmay_tetromino_l2
D:2:      layout_rooms
D:3:      minmay_goblin_kobold_castle, layout_basic, kiku_gazebo_garden_becter,
          nemelex_xobeh_ov_fountains_minmay, serial_glass, glass_columns_a,
          glass_columns_a, ebering_ghost_gozag, minmay_misc_feat_iff,
          serial_park_tiny_2, minmay_unequal
D:4:      layout_rooms, kennysheep_mini, mainiacjoe_overflow_chevrons,
          nicolae_ru_path_of_blood, minmay_temple_entry_glass,
          uniq_crazy_yiuf_cottage
D:5:      layout_rooms, mainiacjoe_overflow_concentric_impassable
D:6:      layout_layer_cave, mainiacjoe_overflow_boulevard,
          mainiacjoe_overflow_alcove_4, hangedman_decor_growths
D:7:      layout_loops_cross, mainiacjoe_overflow_cross_hatched, enter_bailey_5
D:8:      layout_basic, eat_drink_and_be_merry_uskayaw, uniq_pikel, uniq_psyche
D:9:      layout_roguey, kennysheep_slug_shrine, demons_altar,
          due_lair_maze_entry_diamond
Temple:   hellmonk_temple_beads
Lair:1:   layout_roguey, uniq_fannar, uniq_erica
Lair:2:   layout_regular_city, hangedman_lair_generics_rect
Lair:3:   layout_misc_corridors, swamp_mist, dummy_snake_entry,
          gauntlet_entry_generic, uniq_josephine
Gauntlet: gammafunk_gauntlet_branching [gammafunk_gauntlet_arena_grid,
          gammafunk_gauntlet_arena_split_x, gammafunk_gauntlet_arena_mazey,
          gammafunk_gauntlet_arena_arrow_garden,
          nicolae_gauntlet_arena_quarters, gammafunk_gauntlet_arena_chambers,
          gammafunk_gauntlet_arena_teeth, gammafunk_gauntlet_arena_open,
          nicolae_gauntlet_exit_dead_adventurers]

Skill      XL: |  1  2  3  4  5  6  7  8  9 10 11 12 |
---------------+-------------------------------------+-----
Air Magic      | 5 6 7 8 10 12 14 16 17 19 | 19.1
Fighting       | 2 4 5 |  5.0
Dodging        | 3 5 8 |  8.0
Armour         | 2 4 |  4.0
Spellcasting   | 3 4 6 8 |  8.8
Evocations     | 3 4 |  4.0
Stealth        | 4 5 |  5.0
Conjurations   | 5 |  5.0

Action                   |  1- 3 |  4- 6 |  7- 9 | 10-12 || total
-------------------------+-------+-------+-------+-------++-------
Melee: Unarmed           |    21 |       |       |       ||    21
       Kick              |     8 |     1 |     2 |     8 ||    19
       Peck              |     3 |       |     3 |     9 ||    15
       Punch             |     1 |       |       |     1 ||     2
       Dagger            |     3 |     5 |     8 |     9 ||    25
       Staff             |       |       |     1 |    18 ||    19
Throw: Boomerang         |       |       |    93 |       ||    93
 Cast: Shock             |   107 |   119 |   301 |   157 ||   684
       Airstrike         |       |     6 |    59 |    75 ||   140
       Static Discharge  |       |     2 |    35 |    89 ||   126
Evoke: Wand              |       |       |     1 |     8 ||     9
  Use: Potion            |       |     1 |       |     3 ||     4
       Scroll            |       |       |     7 |    13 ||    20
 Stab: Sleeping          |       |       |       |     2 ||     2
       Invisible         |       |       |       |     1 ||     1
Armor: Robe              |    15 |     1 |     8 |     9 ||    33
       Steam dragon scal |       |       |     1 |     1 ||     2
Dodge: Dodged            |    37 |    15 |    79 |   120 ||   251

Table legend: (Time is in decaauts)
 A = Elapsed time spent in this place.
 B = Non-inter-level travel time spent in this place.
 C = Inter-level travel time spent in this place.
 D = Time resting spent in this place.
 E = Time spent auto-exploring this place.
 F = Levels seen in this place.
 G = Mean time per level.
                   A        B        C        D        E       F      G
               +--------+--------+--------+--------+--------+-----+--------+
         Total |  23894 |  23088 |    806 |   4971 |  14559 |  16 | 1493.4 |
       Dungeon |  16162 |  15475 |    687 |   2458 |  11095 |   9 | 1795.8 |
        Temple |    143 |     83 |     60 |      0 |     71 |   1 |  143.0 |
          Lair |   3993 |   3934 |     59 |    313 |   2881 |   3 | 1331.0 |
         Abyss |      8 |      8 |      0 |      0 |      0 |   1 |    8.0 |
        Bailey |   2606 |   2606 |      0 |   1590 |    438 |   1 | 2606.0 |
      Gauntlet |    980 |    980 |      0 |    608 |     72 |   1 |  980.0 |
               +--------+--------+--------+--------+--------+-----+--------+

Top non-repeatable levels by time:
     D:3: 3590 daAuts
  Bailey: 2606 daAuts
     D:9: 2295 daAuts
  Lair:2: 2143 daAuts
     D:8: 2072 daAuts
     D:6: 1969 daAuts
  Lair:1: 1561 daAuts
     D:7: 1285 daAuts
     D:1: 1264 daAuts
     D:5: 1260 daAuts
     D:2: 1232 daAuts
     D:4: 1192 daAuts
Gauntlet: 980 daAuts
  Lair:3: 287 daAuts
  Temple: 143 daAuts
